 Dungeon Crawl Stone Soup version 0.19.4-8-ga85b6b9 (webtiles) character file.

2503 winWinterter the Slasher (level 9, 0/69 HPs)
             Began as a Formicid Hunter on Feb 13, 2017.
             Was a Believer of Ru.
             Slain by a komodo dragon (16 damage)
             ... on level 8 of the Dungeon.
             The game lasted 00:22:46 (10360 turns).

winWinterter the Slasher (Formicid Hunter)         Turns: 10360, Time: 00:22:46

Health: 0/69       AC: 14    Str: 18    XL:     9   Next: 82%
Magic:  9/9        EV:  7    Int: 13    God:    Ru [**....]
Gold:   407        SH:  9    Dex: 13    Spells: 0 memorised, 8 levels left

rFire  + . .     SeeInvis +     r - +1 falchion
rCold  . . .     Gourm    .     v - +0 chain mail (curse)
rNeg   . . .     Faith    .     o - +0 shield
rPois  .         Spirit   .     (helmet unavailable)
rElec  .         Reflect  .     n - +2 cloak {+Inv}
rCorr  .         Harm     .     (no gloves)
MR     .....                    A - +0 pair of boots
Stlth  ..........               (no amulet)
                                k - ring of protection from fire
                                (no ring)

@: very slightly contaminated, invisible
A: permanent stasis, dig shafts and tunnels, four strong arms, antennae 3,
talons 1, strong 1, no stealth, unskilled 1
a: Dig, Shaft Self, Renounce Religion


You were on level 8 of the Dungeon.
You worshipped Ru.
Ru was pleased with you.
You were hungry.

You visited 2 branches of the dungeon, and saw 9 of its levels.

You collected 407 gold pieces.

Inventory:

Hand Weapons
 a - a +0 short sword
 i - a +0 scimitar
 r - a +1 falchion (weapon)
Missiles
 c - 14 javelins (quivered)
 d - 3 throwing nets
Armour
 m - a +0 plate armour
 n - a +2 cloak of invisibility (worn)
 o - a +0 shield (worn)
 v - a cursed +0 chain mail (worn)
 A - a +0 pair of boots (worn)
Jewellery
 h - a +3 ring of evasion {unknown}
 k - a ring of protection from fire (right hand)
Scrolls
 e - a scroll of magic mapping
 l - 9 scrolls of remove curse
 p - 6 scrolls of identify
 w - 2 scrolls of enchant armour
Potions
 j - a potion of curing
 t - a potion of berserk rage
 u - a potion of heal wounds
 x - a potion of magic
 G - a potion of invisibility
Books
 E - a book of Flames

   Spells                             Type                      Level
   a - Flame Tongue                   Conjuration/Fire             1
   b - Throw Flame                    Conjuration/Fire             2
   c - Conjure Flame                  Conjuration/Fire             3
   d - Inner Flame                    Hexes/Fire                   3
   e - Sticky Flame                   Conjuration/Fire             4
   f - Fireball                       Conjuration/Fire             5
Comestibles
 b - 10 royal jellies
 f - 3 bread rations


   Skills:
 * Level 5.7 Fighting
 - Level 3.1(5.4) Short Blades
 * Level 6.9(7.2) Long Blades
 + Level 4.2 Throwing
 + Level 5.0 Armour
 + Level 2.6 Dodging
 + Level 4.0 Shields


You had 8 spell levels left.
You didn't know any spells.

Dungeon Overview and Level Annotations

Branches:
Dungeon (8/15)             Temple (1/1) D:4            Lair (0/6) D:8

Altars:
Ashenzari
Dithmenos
Elyvilon
Fedhas
Gozag
Hepliaklqana
Kikubaaqudgha
Makhleb
Nemelex Xobeh
Okawaru
Qazlal
Ru
Sif Muna
Trog
Uskayaw
Vehumet
Xom
Yredelemnul
Zin
The Shining One

Annotations:
D:3 itsmu's ghost, amateur SpTm


Innate Abilities, Weirdness & Mutations

You are under a permanent stasis effect.
You can dig through walls and to a lower floor.
Your four strong arms can wield two-handed weapons with a shield.
You have a pair of large antennae on your head. (SInv)
You cannot be stealthy.
You are somewhat unskilled. (-1 Apt)
You have sharp toenails.
Your muscles are strong. (Str +2)


Message History

You closely miss the komodo dragon.
The komodo dragon is moderately wounded.
The komodo dragon barely misses you.
You hit the komodo dragon but do no damage.
The komodo dragon is moderately wounded.
The komodo dragon bites you!
* * * LOW HITPOINT WARNING * * *
You feel much better. You block the komodo dragon's attack.
Your shield and chain mail prevent you from hitting the komodo dragon.
The komodo dragon is moderately wounded.
You block the komodo dragon's attack.
You slash the komodo dragon!
The komodo dragon is heavily wounded.
The komodo dragon bites you!!
* * * LOW HITPOINT WARNING * * *
Found a scroll of teleportation.
You closely miss the komodo dragon.
The komodo dragon is heavily wounded.
The komodo dragon bites you!
You die...

##.#.#### ##.#.# ##
...#.. .. #.##### .# #.#
.# #.# .# #.# ?# #.#
##########.####.. #.###
#.......l@.......
....####.#############.#
..P...##.# P......#l#
P........# .PPPP....# {
.PPPPP..##


PPPPPPP## PPPPPP## You could see a komodo dragon.

Vanquished Creatures
  An orc warrior (D:8)
  3 ice beasts
  A sky beast (D:8)
  2 ogres (D:7)
  2 centaurs
  A bullfrog (D:6)
  A wyvern zombie (D:8)
  2 scorpions (D:8)
  3 wights (D:6)
  3 howler monkeys (D:7)
  4 crimson imps
  A centaur zombie (D:5)
  5 jellies
  2 bullfrog zombies (D:5)
  2 centaur skeletons
  3 hounds
  2 orc priests
  3 orc wizards
  Jessica (D:2)
  2 bullfrog skeletons
  An iguana (D:6)
  Natasha (twice) (D:3)
  A worker ant (D:8)
  2 hound skeletons
  Robin (D:2)
  A worker ant zombie (D:5)
  8 gnolls
  4 adders
  A river rat (D:6)
  2 shadow imps
  7 oozes
  5 worms
  3 dart slugs
  5 leopard geckos
  23 orcs
  7 bats
  10 giant cockroaches
  2 gnoll zombies (D:4)
  23 goblins
  10 hobgoblins
  14 jackals
  7 kobolds
  2 quokkas (D:2)
  3 ball pythons
  4 frilled lizards
  A leopard gecko skeleton (D:6)
  7 rats
200 creatures vanquished.

Vanquished Creatures (others)
  A goblin (D:3)
  A kobold (D:3)
  A plant (D:8)
3 creatures vanquished.

Grand Total: 203 creatures vanquished

Notes
Turn   | Place    | Note
-------+----------+-------------------------------------------
     0 | D:1      | winWinterter the Formicid Hunter began the quest for the Orb.
     0 | D:1      | Reached XP level 1. HP: 16/16 MP: 1/1
   158 | D:1      | Reached XP level 2. HP: 9/22 MP: 2/2
   694 | D:1      | Reached XP level 3. HP: 23/28 MP: 3/3
  1069 | D:2      | Reached skill level 1 in Short Blades
  1085 | D:2      | Noticed Robin
  1103 | D:2      | Reached skill level 1 in Armour
  1159 | D:2      | Reached XP level 4. HP: 32/34 MP: 4/4
  1197 | D:2      | Killed Robin
  1843 | D:2      | Noticed Jessica
  1845 | D:2      | Found an opulent altar of Gozag.
  1858 | D:2      | Killed Jessica
  1858 | D:2      | Reached XP level 5. HP: 31/39 MP: 5/5
  2003 | D:3      | Found a sparkling altar of Nemelex Xobeh.
  2011 | D:3      | Noticed itsmu's ghost (amateur SpTm)
  2051 | D:3      | Gained mutation: You are robust. (+10% HP) [potion of mutation]
  2051 | D:3      | Gained mutation: You have sharp toenails. [potion of mutation]
  2051 | D:3      | Lost mutation: You are robust. (+10% HP) [potion of mutation]
  2054 | D:3      | You fall through a shaft!
  2630 | D:3      | Noticed Natasha
  2650 | D:3      | Killed Natasha
  3537 | D:3      | Noticed Natasha
  3553 | D:3      | HP: 2/40 [Natasha/magic dart (7)]
  3554 | D:3      | Killed Natasha
  3554 | D:3      | Reached XP level 6. HP: 2/46 MP: 6/6
  4027 | D:4      | Reached skill level 1 in Shields
  4417 | D:4      | Found a shimmering altar of Xom.
  4526 | D:4      | Found a basalt altar of Yredelemnul.
  4739 | D:4      | Found a staircase to the Ecumenical Temple.
  4811 | Temple   | Entered the Ecumenical Temple
  4997 | Temple   | Became a worshipper of Ru the Awakened
  5037 | D:5      | Entered Level 5 of the Dungeon
  5037 | D:5      | Noticed an ice beast
  5085 | D:5      | Killed an ice beast
  5085 | D:5      | Reached XP level 7. HP: 26/53 MP: 7/7
  5245 | D:5      | Found a white marble altar of Elyvilon.
  5296 | D:5      | Noticed a hand axe
  5297 | D:5      | Noticed a hand axe
  5319 | D:5      | Found a hide-covered altar of Uskayaw.
  5425 | D:5      | Found a glowing silver altar of Zin.
  5443 | D:5      | Found a hide-covered altar of Uskayaw.
  5614 | D:5      | Reached skill level 1 in Long Blades
  6023 | D:5      | Reached skill level 2 in Long Blades
  6110 | D:4      | Reached XP level 8. HP: 15/61 MP: 8/8
  6536 | D:5      | Found an ancient bone altar of Kikubaaqudgha.
  6863 | D:6      | Found a shimmering altar of Xom.
  6986 | D:6      | Reached skill level 3 in Long Blades
  6997 | D:6      | Gained mutation: You cannot be stealthy. [Ru sacrifice]
  7120 | D:6      | Reached skill level 5 in Fighting
  7287 | D:6      | Reached skill level 4 in Long Blades
  7344 | D:6      | Found a blossoming altar of Fedhas.
  8100 | D:7      | Reached XP level 9. HP: 59/68 MP: 9/9
  8132 | D:7      | Reached skill level 5 in Long Blades
  8338 | D:6      | Reached skill level 5 in Armour
  8701 | D:7      | Reached skill level 6 in Long Blades
  9037 | D:8      | Gained mutation: Your muscles are strong. (Str +2) [mutagenic meat]
  9415 | D:8      | Found a deep blue altar of Sif Muna.
  9660 | D:8      | Reached skill level 7 in Long Blades
  9730 | D:8      | Found a stormy altar of Qazlal.
 10291 | D:8      | Gained mutation: You are somewhat unskilled. (-1 Apt) [Ru sacrifice]
 10291 | D:8      | Reduced skill Fighting to level 5
 10291 | D:8      | Reduced skill Long Blades to level 6
 10291 | D:8      | Reached * piety under Ru
 10291 | D:8      | Reached ** piety under Ru
 10319 | D:8      | Found a staircase to the Lair.
 10320 | D:8      | Noticed a komodo dragon
 10360 | D:8      | Slain by a komodo dragon

Skill      XL: |  1  2  3  4  5  6  7  8  9 |
---------------+----------------------------+-----
Short Blades   | 1 2 3 |  3.1
Armour         | 1 2 3 4 5 |  5.0
Dodging        | 2 |  2.6
Shields        | 2 4 |  4.0
Fighting       | 3 4 5 5 |  5.7
Long Blades    | 2 4 6 |  6.9
Stealth        | 0 |  0.0
Throwing       | |  4.2

Action                   |  1- 3 |  4- 6 |  7- 9 || total
-------------------------+-------+-------+-------++-------
Melee: Short sword       |   167 |   540 |    81 ||   788
       Kick              |       |    93 |   180 ||   273
       Falchion          |       |       |   895 ||   895
Throw: Javelin           |       |    11 |     6 ||    17
Invok: Sacrifice Stealth |       |       |     1 ||     1
       Sacrifice Skill   |       |       |     1 ||     1
 Abil: Shaft Self        |       |     1 |       ||     1
       Dig               |       |     1 |     2 ||     3
  Use: Potion            |     1 |     3 |    11 ||    15
       Scroll            |       |     3 |     7 ||    10
 Stab: Invisible         |       |       |     6 ||     6
  Eat: Chunk             |       |     4 |     6 ||    10
       Meat ration       |       |     2 |       ||     2
       Bread ration      |       |     1 |     2 ||     3
       Pizza             |       |       |     1 ||     1
Armor: Leather armour    |     1 |       |       ||     1
       Scale mail        |    93 |   177 |       ||   270
       Chain mail        |       |    60 |   456 ||   516
Dodge: Dodged            |    78 |   214 |   214 ||   506
Block: Shield            |       |   107 |   405 ||   512
       Rpst.: Falchion   |       |       |    58 ||    58
